 Dungeon Crawl Stone Soup version 0.30.1 (webtiles) character file.

Game seed: 2342149713543315569

511 Elmgren the Shooter (level 6, -5/34 HPs)
             Began as a Spriggan Hunter on July 2, 2023.
             Shot with an arrow by a centaur (15 damage)
             ... on level 5 of the Dungeon.
             The game lasted 00:02:50 (3653 turns).

Elmgren the Shooter (Spriggan Hunter)               Turns: 3653, Time: 00:02:50

Health: -5/34      AC:  2    Str:  7    XL:     6   Next: 99%
Magic:  7/7        EV: 18    Int: 10    God:
Gold:   250        SH:  0    Dex: 21    Spells: 5/5 levels left

rFire   . . .        a - +1 shortbow
rCold   . . .        (shield currently unavailable)
rNeg    . . .        c - +0 robe
rPois   .            (helmet restricted)
rElec   .            (no cloak)
rCorr   .            (gloves unavailable)
SInv    +            (boots unavailable)
Will    +....        (no amulet)
Stlth   ++           (no ring)
HPRegen 0.25/turn    (no ring)
MPRegen 0.10/turn

%: no passive effects
@: marked, very quick
A: very small, no large weapons, unfitting armour, see invisible, speed 3
a: no special abilities


You were on level 5 of the Dungeon.
You visited 1 branch of the dungeon, and saw 5 of its levels.

You collected 250 gold pieces.

Inventory:

Hand Weapons
 a - a +1 shortbow (weapon)
Missiles
 g - a throwing net
Armour
 c - a +0 robe (worn)
 l - the +1 buckler of Launualeu {rPois Dex+4}
   (You found it on level 4 of the Dungeon)

   Dex:       It affects your dexterity (+4).
   rPois:     It protects you from poison.
 n - a +2 cloak
 y - a +1 cloak
Jewellery
 m - a +4 ring of protection
Wands
 d - a wand of iceblast (12)
Scrolls
 b - a scroll of immolation
 j - 2 scrolls of fog
 o - a scroll of teleportation
 p - 3 scrolls of identify
 s - a scroll of enchant weapon
Potions
 e - a potion of degeneration {unknown}
 f - 3 potions of mutation
 h - a potion of cancellation
 i - a potion of lignification {unknown}
 k - 3 potions of attraction
 t - a potion of magic {unknown}
 v - a potion of brilliance
 x - a potion of curing


   Skills:
 + Level 4.5 Fighting
 + Level 6.5 Ranged Weapons
 - Level 2.6 Dodging
 - Level 1.5 Stealth


You had 5 spell levels left.
You didn't know any spells.
Your spell library contained the following spells:

 Spells                   Type           Power      Damage    Failure   Level
 Summon Small Mammal      Summ           0%         N/A       36%         1
 Call Canine Familiar     Summ           0%         N/A       75%         3
 Frozen Ramparts          Ice            0%         1d1       75%         3
 Summon Guardian Golem    Hex/Summ       0%         N/A       75%         3
 Ice Form                 Ice/Tmut       0%         N/A       98%         4
 Summon Ice Beast         Ice/Summ       0%         N/A       98%         4


Dungeon Overview and Level Annotations

Branches:
Dungeon (5/15) Zot: 26963
 Temple: D:4-7

Altars:

Shops:
D:4 (![


Innate Abilities, Weirdness & Mutations

You are very small and have problems with some larger weapons.
You are too small for most types of armour.
You have supernaturally acute eyesight. (SInv)
You cover ground extremely quickly. (Speed+++)


Message History

There is an open door here.
You open the door.
Found an escape hatch in the floor.
There is an open door here.
Found an escape hatch in the floor.
You open the door.
There is an open door here.
p - 3 scrolls of identify
There is an open door here.
Found a stone staircase leading down.
You open the door.
There is an open door here.
There is an open door here.
There is an open door here.
Found a stone staircase leading down.
A sourceless malevolence fills the Dungeon...
With a horrendous wail, an alarm goes off!
A sentinel's mark forms upon you.
You hear an angry hiss.
You hear a shout! x6
You see here a +0 scale mail.
An iguana comes into view.
You shoot an arrow. The arrow hits the iguana.
You shoot an arrow. The arrow hits the iguana.
A centaur comes into view.
The centaur wields a +0 shortbow.
The centaur shoots an arrow.
The arrow hits you!
You take 7 damage, and have 27/34 hp.
MASSIVE DAMAGE!!
You shoot an arrow. The arrow hits the iguana.
The centaur shoots an arrow.
The arrow hits you.
You take 3 damage, and have 24/34 hp.
You shoot an arrow. The arrow completely misses the iguana.
The centaur shoots an arrow.
The arrow hits you.
You take 4 damage, and have 20/34 hp.
You shoot an arrow. The arrow hits the iguana.
You kill the iguana!
The centaur shoots an arrow.
The arrow hits you!
* * * LOW HITPOINT WARNING * * *
You take 10 damage, and have 10/34 hp.
MASSIVE DAMAGE!!
The centaur shoots an arrow.
The arrow hits you!
You die...

...........#
.........(.#
......c....
#........# #.....†..#
.##.......#
.....>....###
#####....[..#
#####@..#
#####...#####
#...#...#...#
#.<.#.8.#.>.#
#...#...#...#
#####...##'##...#####
#.).....#...#.......#
#.<...⌠.'...'.⌠...>.#
#.......#...#.......#


You could see a centaur.

Vanquished Creatures
  A black bear (D:4)
  An ogre (D:4)
  A howler monkey (D:4)
  A hound (D:4)
  Crazy Yiuf (D:3)
  An iguana (D:5)
  2 orc wizards (D:4)
  4 gnolls (D:2)
  6 adders
  2 worms
  A dart slug (D:4)
  5 orcs
  8 ball pythons
  4 bats
  3 endoplasms
  2 giant cockroaches
  4 goblins
  9 hobgoblins
  A jackal (D:1)
  3 quokkas
  3 frilled lizards
  5 kobolds
  4 rats
72 creatures vanquished.

Notes
Turn   | Place    | Note
-------+----------+-------------------------------------------
     0 | D:1      | Elmgren the Spriggan Hunter began the quest for the Orb.
     0 | D:1      | Reached XP level 1. HP: 10/10 MP: 2/2
   187 | D:1      | Reached XP level 2. HP: 15/15 MP: 3/3
  1008 | D:2      | Reached XP level 3. HP: 17/19 MP: 4/4
  1129 | D:2      | Reached XP level 4. HP: 23/23 MP: 5/5
  1138 | D:2      | Reached skill level 5 in Ranged Weapons
  1624 | D:3      | Found a runed translucent door.
  1625 | D:3      | Noticed Crazy Yiuf
  2275 | D:3      | Killed Crazy Yiuf
  2276 | D:3      | Reached XP level 5. HP: 15/28 MP: 6/6
  2679 | D:4      | Found Inkohi's Weapon Boutique.
  2754 | D:4      | Found Pase's Antique Armour Shoppe.
  2947 | D:4      | Noticed a black bear
  2952 | D:4      | Killed a black bear
  2953 | D:4      | Reached XP level 6. HP: 28/33 MP: 7/7
  2981 | D:4      | Reached skill level 6 in Ranged Weapons
  3053 | D:4      | Identified the +1 buckler of Launualeu {rPois Dex+4}
  3108 | D:4      | Found Ubrig's Distillery.
  3602 | D:5      | Entered Level 5 of the Dungeon
  3653 | D:5      | Shot with an arrow by a centaur

Illustrated notes

Levels and vault maps discovered:
D:1:      elethiomel_arrival_maze, layout_loops_ring, grunt_decor_fettered,
          minmay_tripent
D:2:      layout_rooms
D:3:      layout_loops_ring, serial_rivers, chequers_serial_rivers_micro_e,
          chequers_serial_rivers_small_3, chequers_serial_rivers_micro_a,
          chequers_serial_rivers_marsh, uniq_crazy_yiuf_cottage
D:4:      layout_basic, serial_shops, shop, nicolae_shop_window_shopping, shop,
          feat_on_display
D:5:      layout_basic, grunt_temple_overflow_open, hex_tiny,
          hangedman_decor_clover_reticule, reono_crystal_passage,
          nicolae_elevator_lobby_plus

Skill      XL: |  1  2  3  4  5  6 |
---------------+-------------------+-----
Fighting       | 2 3 4 |  4.5
Ranged Weapons | 5 6 |  6.5
Dodging        | |  2.6
Stealth        | |  1.5

Action                     |  1- 3 |  4- 6 || total
---------------------------+-------+-------++-------
   Fire: Shortbow          |    74 |   125 ||   199
    Use: Scroll            |     4 |    10 ||    14
 Armour: Robe              |     2 |     3 ||     5
  Dodge: Dodged            |    28 |    22 ||    50
